 Dungeon Crawl Stone Soup version 0.28.0 (webtiles) character file.

Game seed: 17090641641257770528

54 Hasart the Covered (level 3, 0/31 HPs)
             Began as a Demigod Fighter on Feb 10, 2022.
             Succumbed to a scorpion's poison
             ... on level 2 of the Dungeon.
             The game lasted 00:01:54 (1492 turns).

Hasart the Covered (Demigod Fighter)                Turns: 1492, Time: 00:01:55

Health: 0/31       AC:  6    Str: 17    XL:     3   Next: 44%
Magic:  5/5        EV:  9    Int: 10    God:
Gold:   61         SH:  5    Dex: 17    Spells: 2/2 levels left

rFire   . . .      SeeInvis .   a - +0 long sword
rCold   . . .      Faith    .   c - +0 buckler
rNeg    . . .      Spirit   .   b - +0 scale mail
rPois   .          Reflect  .   (no helmet)
rElec   .          Harm     .   (no cloak)
rCorr   .          Rampage  .   (no gloves)
Will    .....                   (no boots)
Stlth   ..........              (no amulet)
HPRegen 0.10/turn               (no ring)
MPRegen 0.09/turn               (no ring)

@: lethally poisoned (0 -> -10)
A: high MP 1, forlorn, divine attributes
a: no special abilities


You were on level 2 of the Dungeon.
You visited 1 branch of the dungeon, and saw 2 of its levels.

You collected 61 gold pieces.

Inventory:

Hand Weapons
 a - a +0 long sword (weapon)
Armour
 b - a +0 scale mail (worn)
 c - a +0 buckler (worn)
Jewellery
 e - a ring of ice
Scrolls
 g - a scroll of fog {unknown}
 i - a scroll of blinking {unknown}
 j - a scroll of teleportation {unknown}
 k - 3 scrolls of immolation {unknown}
 l - 3 scrolls of identify {unknown}
 n - a scroll of enchant armour {unknown}
Potions
 d - a potion of might
 f - a potion of curing {unknown}
 h - a potion of haste {unknown}
 m - a potion of lignification {unknown}


   Skills:
 + Level 3.0 Fighting
 * Level 2.5 Long Blades
 + Level 3.0 Armour
 + Level 1.1 Dodging
 + Level 2.9 Shields


You had 2 spell levels left.
You didn't know any spells.
Your spell library was empty.

Dungeon Overview and Level Annotations

Branches:
Dungeon (2/15)


Innate Abilities, Weirdness & Mutations

You have an increased reservoir of magic. (+10% MP)
You shall have no god before yourself.
Your divine heritage dramatically boosts your attributes as you level up.


Message History

The giant cockroach bites you but does no damage.
The scorpion stings you.
You hit the scorpion.
The scorpion is moderately wounded.
The giant cockroach closely misses you. You block the scorpion's attack.
The giant cockroach completely misses you.
The scorpion stings you.
You are poisoned.
The scorpion poisons you!
You slash the scorpion!
The scorpion is almost dead.
You feel very sick. You block the giant cockroach's attack.
You block the scorpion's attack.
The giant cockroach completely misses you.
Unknown command.
You hit the scorpion but do no damage.
The scorpion is almost dead.
You feel very sick. The scorpion stings you. The giant cockroach misses you.
The scorpion stings you but does no damage.
Unknown command.
You hit the scorpion but do no damage.
The scorpion is almost dead.
You feel sick.
The giant cockroach bites you but does no damage.
The scorpion stings you.
* * * LOW HITPOINT WARNING * * *
You are lethally poisoned!
The scorpion poisons you!
The giant cockroach bites you but does no damage.
You closely miss the scorpion.
The scorpion is almost dead.
* * * LOW HITPOINT WARNING * * *
You feel very sick. You block the scorpion's attack.
The giant cockroach completely misses you.
The scorpion stings you but does no damage.
You slash the scorpion!
You kill the scorpion!
You die...

#.......###..####.#
#.####..###..####.#
#.####..#......##.#
#.##......#†.#.##.#
#.##.#..###..#.##.###
#....................
#......##########..##
####.### #..# #@.#
########).#. #B†.#
#.........#. #...#
#...........
......#...........
......#.......###.
.......#.......# #.
#....###.......# #.
#....# #.......###.
####........


You could see a giant cockroach.

Vanquished Creatures
  A scorpion (D:2)
  An adder (D:2)
  A dart slug (D:1)
  A worm (D:2)
  An endoplasm (D:2)
  A giant cockroach (D:1)
  3 goblins
  7 hobgoblins
  5 jackals (D:1)
  A quokka (D:1)
  4 ball pythons (D:1)
  2 bats
  2 frilled lizards
  3 kobolds
  7 rats (D:1)
40 creatures vanquished.

Notes
Turn   | Place    | Note
-------+----------+-------------------------------------------
     0 | D:1      | Hasart the Demigod Fighter began the quest for the Orb.
     0 | D:1      | Reached XP level 1. HP: 18/18 MP: 3/3
   226 | D:1      | Reached XP level 2. HP: 25/25 MP: 4/4
  1036 | D:1      | Reached skill level 1 in Dodging
  1036 | D:1      | Reached XP level 3. HP: 29/30 MP: 5/5
  1482 | D:2      | Noticed a scorpion
  1492 | D:2      | Killed a scorpion
  1492 | D:2      | Succumbed to a scorpion's poison

Illustrated notes

Levels and vault maps discovered:
D:1:      dpeg_arrival_ratfight, layout_loops_ring
D:2:      layout_loops_cross, chequers_garden

Skill      XL: |  1  2  3 |
---------------+----------+-----
Long Blades    | 2 |  2.5
Dodging        | 1 |  1.1
Armour         | 3 |  3.0
Fighting       | 3 |  3.0
Shields        | |  2.9

Action                   || total
-------------------------++-------
Melee: Long sword        ||   138
Armor: Scale mail        ||    73
Dodge: Dodged            ||    61
Block: Buckler           ||    37
